Map: Ulrena

Players

HOODOUT

  • Race: Zerg Zerg
  • League: Master

Miszu - Winner!

  • Race: Terran Terran
  • League: Grandmaster

VOD

Have the link to the VOD?

Description

Time

  • Played on: May 16, 2016, 4:37 p.m.
  • Length: 12:24
Show
View Real Time Build Order
Export as new Build Order

HOODOUT Zerg 

Build Orders: Pool First 

Get SALT Encoding   

  12  0:01  Drone  
  13  0:12  Overlord  
  13  0:17  Drone  
  14  0:30  Drone x2  
  14  0:35  Drone  
  17  0:46  Spawning Pool  
  17  0:48  Drone  
  17  0:51  Extractor  
  17  0:56  Drone  
  17  1:18  Hatchery  
  16  1:19  Drone  
  17  1:33  Roach Warren  
  16  1:42  Queen  
  18  1:51  Overlord  
  18  2:13  Roach x3  
  24  2:30  Queen  
  24  2:34  Drone  
  27  2:40  Ravager  
  27  2:41  Ravager  
  27  2:43  Drone x3  
  32  2:48  Roach  
  32  2:49  Overlord  
  32  2:54  Drone  
  32  2:57  Drone  
  34  3:07  Ravager  
  34  3:14  Ravager  
  34  3:16  Drone  
  34  3:17  Drone x4  
  40  3:32  Drone  
  40  3:33  Drone x3  
  38  3:49  Drone x6  
  41  3:57  Hatchery  
  41  4:02  Queen  
  40  4:05  Extractor  
  41  4:12  Roach  
  43  4:17  Overlord x2  
  43  4:19  Drone  
  44  4:34  Queen  
  44  4:37  Roach  
  44  4:38  Roach x5  
  58  4:45  Drone x2  
  59  4:49  Overlord  
  59  4:50  Overlord, Extractor  
  59  4:54  Overlord  
  59  5:05  Lair  
  59  5:06  Drone  
  60  5:08  Drone x4  
  60  5:10  Drone  
  65  5:18  Drone, Spore Crawler  
  65  5:19  Drone  
  66  5:24  Drone  
  66  5:25  Drone  
  67  5:45  Ravager x5  
  67  5:46  Drone x6  
  67  5:47  Drone  
  79  5:58  Drone x3  
  82  6:09  Glial Reconstitution  
  82  6:12  Evolution Chamber  
  82  6:13  Evolution Chamber  
  78  6:28  Overlord x2  
  78  6:29  Drone x2  
  80  6:33  Drone  
  80  6:34  Drone  
  80  6:35  Overlord, Extractor  
  80  6:36  Overlord x7  
  80  6:37  Extractor  
  80  6:39  Zerg Missile Weapons Level 1, Zerg Ground Armor Level 1  
  80  6:41  Drone x2  
  80  6:43  Extractor  
  80  6:44  Drone  
  82  6:49  Roach x4  
  90  6:56  Roach x3  
  96  7:05  Drone  
  96  7:06  Drone x4  
  101  7:10  Overlord  
  101  7:11  Overlord  
  101  7:13  Roach  
  101  7:14  Roach x2  
  107  7:20  Overseer  
  107  7:24  Drone x2  
  107  7:25  Drone  
  107  7:29  Roach x5  
  113  7:49  Roach x8  
  123  8:13  Drone x2  
  123  8:14  Drone x3  
  128  8:21  Roach  
  128  8:22  Roach x7  
  142  8:38  Zerg Missile Weapons Level 2  
  142  8:39  Zerg Ground Armor Level 2  
  142  8:40  Drone x2  
  142  8:41  Drone  
  144  8:43  Roach x5  
  154  8:55  Roach x5  
  164  8:56  Roach  
  166  9:10  Drone x2  
  166  9:11  Drone x2  
  166  9:15  Hatchery  
  169  9:17  Drone x2  
  169  9:19  Roach  
  169  9:20  Roach x2  
  177  9:24  Overlord x2  
  177  9:31  Overlord  
  177  9:44  Roach  
  177  9:45  Roach x7  
  193  9:49  Ravager  
  193  9:50  Ravager x2  
  193  9:51  Ravager x4  
  200  11:01  Overseer x2  
  121  11:19  Roach  
  121  11:20  Roach x15  
  121  11:21  Roach x24  
  150  11:28  Drone  
  151  11:35  Queen  
  151  11:36  Roach  
  151  11:37  Roach x2  
  159  11:51  Roach x4  
  159  11:52  Roach x4  
  175  11:59  Roach x2  
  175  12:00  Roach x4  
  182  12:05  Roach  
Show
View Real Time Build Order
Export as new Build Order

Miszu Terran - Winner!

Build Orders: Liberator Opening, Reaper Expand, MMM Bio 

Get SALT Encoding   

  12  0:00  SCV  
  13  0:12  SCV  
  14  0:17  Supply Depot  
  14  0:24  SCV  
  15  0:39  SCV  
  15  0:40  Barracks  
  16  0:44  Refinery  
  16  0:51  SCV  
  17  1:03  SCV  
  18  1:15  SCV  
  19  1:27  Orbital Command  
  19  1:28  Reaper  
  20  1:42  Command Center  
  20  1:51  Supply Depot  
  20  1:53  SCV  
  21  2:00  Marine  
  22  2:05  SCV  
  23  2:13  Factory  
  23  2:15  Refinery  
  23  2:18  SCV  
  23  2:20  Barracks Reactor  
  24  2:32  Bunker  
  24  2:34  SCV  
  25  2:47  SCV  
  26  2:56  Marine x2  
  26  2:58  Starport  
  28  3:00  SCV  
  28  3:01  Orbital Command  
  29  3:13  SCV, Factory Tech Lab  
  29  3:14  Marine x2  
  32  3:25  SCV  
  31  3:32  Marine x2  
  27  3:46  SCV  
  26  3:50  SCV  
  27  3:58  Liberator, SCV  
  28  4:03  SCV  
  29  4:14  SCV  
  33  4:18  SCV  
  34  4:26  SCV  
  34  4:30  SCV  
  35  4:34  Command Center  
  35  4:38  SCV  
  35  4:39  Marine x2  
  35  4:41  Liberator  
  35  4:42  SCV  
  39  4:49  Barracks  
  39  4:50  Barracks  
  39  4:52  SCV  
  40  4:56  Supply Depot  
  46  5:07  SCV x2  
  46  5:11  Supply Depot  
  45  5:15  Marine  
  45  5:17  Marine, Siege Tank  
  45  5:19  SCV  
  45  5:20  Engineering Bay  
  51  5:23  SCV  
  51  5:27  Refinery  
  52  5:31  SCV  
  52  5:33  Marine  
  52  5:35  Marine  
  55  5:36  SCV  
  55  5:39  Barracks Tech Lab x2  
  55  5:41  Starport Reactor  
  56  5:43  SCV  
  56  5:47  Orbital Command  
  57  5:51  Refinery  
  57  5:53  Engineering Bay  
  57  5:57  SCV x2  
  59  6:09  SCV  
  59  6:11  Marine, Stimpack, Combat Shields  
  57  6:12  Marine  
  57  6:15  Siege Tank  
  57  6:17  SCV  
  64  6:21  SCV  
  65  6:26  Supply Depot  
  65  6:28  Supply Depot, Orbital Command  
  65  6:29  Terran Infantry Weapons Level 1  
  65  6:30  Terran Infantry Armor Level 1  
  64  6:34  SCV  
  64  6:35  SCV  
  64  6:36  Medivac  
  64  6:38  Medivac  
  70  6:46  SCV  
  72  6:47  SCV  
  72  6:53  SCV  
  73  6:58  Marauder  
  73  6:59  Marauder, SCV x2  
  73  7:00  Marine x2  
  81  7:05  SCV  
  81  7:06  Medivac  
  81  7:07  Barracks x2  
  81  7:08  Supply Depot  
  84  7:11  SCV  
  85  7:19  Marine x2  
  85  7:20  Marauder  
  85  7:21  SCV  
  85  7:22  SCV  
  91  7:23  SCV  
  91  7:26  Marine  
  93  7:32  Armory  
  93  7:34  SCV x2  
  93  7:35  SCV  
  96  7:37  Marine x2  
  97  7:46  SCV  
  94  7:53  Marine x2, Marauder  
  94  7:57  Marine x3  
  101  8:19  Supply Depot  
  101  8:36  Marine x3  
  101  8:40  Marine, Medivac x2, Siege Tank  
  109  8:44  Barracks x3, Terran Infantry Weapons Level 2  
  109  8:46  Terran Infantry Armor Level 2, Marine x2  
  111  8:51  SCV x3  
  111  8:54  Marine x3  
  117  8:58  Marine  
  109  9:03  Marine x2, SCV  
  109  9:05  Bunker, Supply Depot  
  109  9:06  Supply Depot, Bunker  
  109  9:08  Bunker  
  112  9:11  Marine x3  
  112  9:13  Siege Tank  
  112  9:16  Marine  
  119  9:17  Medivac x2  
  119  9:21  Supply Depot, Marine x2  
  125  9:29  Marine x2  
  127  9:33  Marine x2  
  127  9:34  Marine x3  
  132  9:39  Refinery, Marine x2  
  132  9:40  Refinery  
  132  9:43  Command Center  
  134  9:46  Supply Depot  
  134  9:47  Marine x2  
  134  9:51  Marine x3  
  134  9:52  Marine, Marauder  
  142  9:55  Siege Tank  
  142  9:57  Marine x2  
  142  9:58  Medivac  
  149  10:07  Marine  
  149  10:08  Medivac, Marauder  
  149  10:09  Marine x3  
  149  10:11  Supply Depot x2  
  149  10:14  Marauder  
  157  10:22  Barracks Tech Lab x2  
  157  10:26  Marine x2  
  157  10:27  Supply Depot, Marine x3, Medivac, Siege Tank  
  157  10:28  Supply Depot  
  167  10:29  Marine  
  167  10:32  Concussive Shells  
  167  10:35  Marine  
  167  10:38  Medivac  
  168  10:44  Marine x2  
  168  10:45  Marine  
  168  10:46  Marine x2  
  168  10:47  Marine x2, Marauder  
  177  10:52  Marine  
  177  10:57  Medivac  
  177  11:03  Marine  
  182  11:06  Marine x2, Marauder x2  
  182  11:07  Marine x2  
  182  11:09  Marauder  
  190  11:15  Marauder  
  169  11:21  Marine  
  169  11:24  Marine  
  160  11:27  Marine x3, Marauder  
  160  11:28  Marauder  
  160  11:29  Marine  
  168  11:36  Marine  
  168  11:39  Marine  
  170  11:42  Marine  
  170  11:45  Marine x3  
  173  11:48  Marine, Marauder  
  173  11:49  Marauder  
  178  11:54  Marine  
  178  11:57  Marine  
  178  12:00  Marine  
  178  12:02  Marine  
  178  12:03  Marine x2  
Tags
 
Add a new tag
Caveats
  • Supply blocks, unpowered buildings, or Contaminate may cause inaccurate times.
  • Supply counts are checked every 10 seconds.